 Dungeon Crawl Stone Soup version 0.23.1 (console) character file.

Game seed: 14360989016320173002

616 fly the Firebug (level 7, -4/70 HPs)
             Began as an Ogre Fire Elementalist on Mar 14, 2019.
             Slain by a gnoll
             ... wielding a +1 spear of venom
              (10 damage)
             ... on level 4 of the Dungeon.
             The game lasted 00:08:04 (4383 turns).

fly the Firebug (Ogre Fire Elementalist)            Turns: 4383, Time: 00:08:07

Health: -4/70      AC:  3    Str: 18    XL:     7   Next: 45%
Magic:  11/11      EV: 13    Int: 16    God:
Gold:   174        SH:  0    Dex: 11    Spells: 4/12 levels left

rFire    . . .     SeeInvis .   a - +0 dagger (freeze)
rCold    . . .     Gourm    .   (no shield)
rNeg     . . .     Faith    .   y - +0 robe
rPois    .         Spirit   .   (helmet restricted)
rElec    .         Reflect  .   (no cloak)
rCorr    .         Harm     .   (gloves unavailable)
MR       .....                  (boots unavailable)
Stlth    ++........             (no amulet)
HPRegen  0.21/turn              k - ring of wizardry
MPRegen  0.12/turn              p - +3 ring of evasion

@: mighty
A: large, unfitting armour, tough skin 1
a: no special abilities


You were on level 4 of the Dungeon.
You were not hungry.

You visited 1 branch of the dungeon, and saw 4 of its levels.

You collected 174 gold pieces.

Inventory:

Hand Weapons
 a - a +0 dagger of freezing (weapon)
Armour
 y - a +0 robe (worn)
Jewellery
 k - a ring of wizardry (left hand)
 p - a +3 ring of evasion (right hand)
Wands
 v - a wand of iceblast (10)
Scrolls
 b - 4 scrolls of identify {unknown}
 f - 7 scrolls of remove curse {unknown}
 g - 2 scrolls of enchant weapon {unknown}
 h - a scroll of noise {unknown}
 i - 2 scrolls of magic mapping {unknown}
 q - 2 scrolls of amnesia {unknown}
 s - a scroll of immolation {unknown}
 u - 2 scrolls of teleportation {unknown}
Potions
 d - a potion of ambrosia
 e - a potion of curing
 j - a potion of magic {unknown}
 l - 2 potions of might
 m - a potion of brilliance {unknown}
 n - 2 potions of degeneration {unknown}
 o - a potion of lignification {unknown}
 r - a potion of heal wounds {unknown}
Comestibles
 c - 5 rations


   Skills:
 - Level 4.0 Fighting
 - Level 3.0 Dodging
 - Level 1.4 Stealth
 - Level 3.0 Spellcasting
 + Level 4.4 Conjurations
 + Level 4.4 Fire Magic


You had 4 spell levels left.
You knew the following spells:

 Your Spells              Type           Power        Failure   Level  Hunger
c - Conjure Flame         Conj/Fire      ###.....     3%          3    ###....
f - Confusing Touch       Hex            #.....       8%          1    #......
n - Inner Flame           Hex/Fire       #.......     9%          3    ###....
z - Flame Tongue          Conj/Fire      ###..        1%          1    #......

Your spell library contained the following spells:

 Spells                   Type           Power        Failure   Level  Hunger
 Throw Flame              Conj/Fire      ###...       1%          2    ##.....
 Animate Skeleton         Necr           N/A          8%          1    #......
 Apportation              Tloc           #.....       8%          1    #......
 Summon Small Mammal      Summ           #...         8%          1    #......
 Sticky Flame             Conj/Fire      ###.....     12%         4    #####..
 Fireball                 Conj/Fire      ###.......   32%         5    ######.


Dungeon Overview and Level Annotations

Branches:
Dungeon (4/15)
 Temple: D:4-7

Altars:
Fedhas
Gozag
Trog
Xom


Innate Abilities, Weirdness & Mutations

You are too large for most types of armour.
You have tough skin. (AC +1)


Message History

* * * LOW HITPOINT WARNING * * *
The gnoll misses you.
It was a potion of ambrosia.
You are confused.
You feel invigorated.
* * * LOW HITPOINT WARNING * * *
You feel sick.
The gnoll shaman calls upon its god to heal the gnoll.
The gnoll is healed somewhat.
The gnoll hits you.
* * * LOW HITPOINT WARNING * * *
The gnoll hits you from afar with a +1 spear of venom.
* * * LOW HITPOINT WARNING * * *
You are more poisoned.
It was a potion of curing.
You feel better.
You feel less invigorated.
You are no longer glowing.
The gnoll hits you.
* * * LOW HITPOINT WARNING * * *
The gnoll closely misses you.
The gnoll hits you from afar with a +1 spear of venom!
You die...

.....##+########+#.........
#..<...... #......... #.)....
#..)...... #.....#
#######.......).
#.....########.........#####)
.....#......#.........+....)
....#......#......รท..#.....
##### #.. ##(..g@).........#.....
.#..###'####..g.g#........>#.....
.#...#....##...g.#.........#..##.
.#...#....##..g..#.....#####+# ##
##...#...........#.....#
#...#####'##.....#.....#
#...###...##.....#.....#
..............>..#.....#
.................#.....#


You could see a gnoll shaman and 4 gnolls.

Vanquished Creatures
  A phantom (D:2)
  4 orc wizards (D:4)
  2 hounds (D:4)
  An iguana (D:3)
  Ijyb (D:3)
  2 worker ants (D:4)
  4 gnolls (D:4)
  8 adders
  A shadow imp (D:3)
  An ooze (D:4)
  4 worms
  3 dart slugs
  2 leopard geckos
  15 orcs
  3 giant cockroaches
  12 goblins
  12 hobgoblins
  8 jackals (D:1)
  3 quokkas
  13 bats
  3 frilled lizards
  5 kobolds
  11 rats
119 creatures vanquished.

Notes
Turn   | Place    | Note
-------+----------+-------------------------------------------
     0 | D:1      | fly the Ogre Fire Elementalist began the quest for the Orb.
     0 | D:1      | Reached XP level 1. HP: 16/16 MP: 3/3
    11 | D:1      | Reached skill level 1 in Conjurations
   249 | D:1      | Reached XP level 2. HP: 24/24 MP: 2/5
   502 | D:1      | You fall through a shaft!
   719 | D:1      | Reached XP level 3. HP: 31/31 MP: 5/7
  1369 | D:2      | Found a shimmering altar of Xom.
  1371 | D:2      | Noticed a phantom
  1383 | D:1      | Reached XP level 4. HP: 35/39 MP: 4/8
  1543 | D:2      | Learned a level 3 spell: Inner Flame
  1547 | D:2      | Learned a level 3 spell: Conjure Flame
  1583 | D:2      | Killed a phantom
  1583 | D:2      | Reached XP level 5. HP: 40/49 MP: 0/9
  2468 | D:3      | Found a blossoming altar of Fedhas.
  2485 | D:3      | Learned a level 1 spell: Confusing Touch
  2587 | D:3      | Reached XP level 6. HP: 58/61 MP: 3/10
  2847 | D:3      | Noticed Ijyb
  2874 | D:3      | Killed Ijyb
  3371 | D:4      | Found an opulent altar of Gozag.
  3725 | D:4      | Reached XP level 7. HP: 70/70 MP: 0/11
  4320 | D:4      | Found a bloodstained altar of Trog.
  4381 | D:4      | HP: 3/70 [gnoll (7)]
  4383 | D:4      | Slain by a gnoll

Skill      XL: |  1  2  3  4  5  6  7 |
---------------+----------------------+-----
Conjurations   | 1 2 3 4 |  4.4
Dodging        | 2 3 |  3.0
Fire Magic     | 3 4 |  4.4
Spellcasting   | 3 |  3.0
Fighting       | 2 3 4 |  4.0
Stealth        | |  1.4

Action                   |  1- 3 |  4- 6 |  7- 9 || total
-------------------------+-------+-------+-------++-------
Melee: Unarmed           |    67 |       |       ||    67
       Dagger            |     8 |    38 |    11 ||    57
 Cast: Flame Tongue      |    62 |   157 |    55 ||   274
       Conjure Flame     |       |       |     1 ||     1
  Use: Potion            |       |       |     3 ||     3
 Stab: Sleeping          |       |     1 |       ||     1
  Eat: Chunk             |     1 |     8 |     2 ||    11
Armor: Robe              |    27 |    19 |     3 ||    49
Dodge: Dodged            |    64 |    58 |    35 ||   157
